 Dungeon Sprint DCSS version 0.16-a0-3807-g3748f16 (console) character file.

337 mauris the Cleaver (level 6, 0/100 HPs)
             Began as a Deep Dwarf Fighter on Jan 28, 2015.
             Was an Initiate of Makhleb.
             Slain by Sonja
             ... wielding a +0 short sword of distortion
              (1 damage)
             ... in the Dungeon (Sprint I: "Red Sonja").
             The game lasted 00:02:38 (179 turns).

mauris the Cleaver (Deep Dwarf Fighter)              Turns: 179, Time: 00:02:38

Health: 0/100      AC:  3    Str: 24    XL:     6   Next: 28%
Magic:  13/13      EV:  8    Int:  9    God:    Makhleb [......]
Gold:   297        SH: 10    Dex: 14    Spells: 0 memorised, 5 levels left

rFire  . . .     SeeInvis .     a - +0 war axe
rCold  . . .     Clarity  .     m - +1 robe {MR+}
rNeg   . . .     SustAb   .     c - +0 shield
rPois  .         Gourm    .     (no helmet)
rElec  .         Spirit   .     (no cloak)
rCorr  .         Warding  .     (no gloves)
rMut   .         NoTele   +     (no boots)
MR     +....                    (no amulet)
Stlth  ..........               (no ring)
                                (no ring)

@: berserking (expiring), lethally poisoned, short of breath, non-regenerating,
slowed, somewhat resistant to hostile enchantments, extremely unstealthy
A: damage resistance, recharge devices, sense surroundings 1, slow healing 3
a: Device Recharging, Renounce Religion


You were in the Dungeon.
You worshipped Makhleb.
Makhleb was noncommittal.
You were not hungry.

You visited 1 branch You collected 297 gold pieces.

Inventory:

Hand weapons
 a - a +0 war axe (weapon)
Armour
 b - a +0 scale mail
 c - a +0 shield (worn)
 m - a +1 robe of magic resistance (worn)
Magical devices
 d - a wand of heal wounds (4) {@v2}
Scrolls
 l - a scroll of blinking
Potions
 e - a potion of might
 g - a potion of curing {@q1}
 h - a potion of heal wounds {@q2}
 i - a potion of haste {@q3}
 j - 2 potions of magic
Comestibles
 f - a bread ration


   Skills:
 + Level 8.0 Fighting
 - Level 9.7 Axes
 - Level 3.2 Armour
 - Level 3.2 Shields
 - Level 8.6 Evocations


You had 5 spell levels left.
You didn't know any spells.

Dungeon Overview and Level Annotations

Branches:
Dungeon (1/1)

Altars:
Elyvilon
Gozag
Kikubaaqudgha
Makhleb
Nemelex Xobeh
Okawaru
Qazlal
Ru
Sif Muna
Trog
Vehumet
Xom
Yredelemnul
Zin
The Shining One

Shops:
D }

Annotations:
D Sonja


Innate Abilities, Weirdness & Mutations

You are resistant to damage.
You can recharge devices by infusing magical energy.
You passively map a small area around you.
You do not heal naturally.


Message History

Huge Dmg: -15%(-15hp) hp: 10%(10hp) Unknown command.
You are too berserk!
You are too berserk!
You closely miss Sonja.
* * * LOW HITPOINT WARNING * * *
You feel very sick. You block Sonja's attack.
Sonja hits you with an uncursed short sword of distortion.
* * * LOW HITPOINT WARNING * * *
You feel a strange sense of stasis.
Sonja hits you with an uncursed short sword of distortion.
You feel a strange sense of stasis.
Huge Dmg: -5%(-5hp) hp: 5%(5hp)
You barely miss Sonja.
* * * LOW HITPOINT WARNING * * *
You feel very sick. Sonja hits you but does no damage.
Sonja hits you with an uncursed short sword of distortion.
You die...

#..').#..'..#..+ ,
*
#..#####'#####'#_
* #..## #..#...#(#
, *
#..#__####..##(# ~
,
#..#_..__##'#..+~~
#}}#_.\...'..._#
,,*
####_..._##_.#+#*
#_____###(# *
#######*#q# , ,


+$K$+ , #$.$#* * , , ##.## , , , * #+#, * , , , , , * , You could see Sonja.

Vanquished Creatures
  A yak (D)
  An ogre (D)
  Sigmund (D)
  A jelly (D)
  Ijyb (D)
5 creatures vanquished.

Notes
Turn   | Place    | Note
--------------------------------------------------------------
     0 | D        | mauris, the Deep Dwarf Fighter, began the quest for the Orb.
     0 | D        | Reached XP level 1. HP: 20/20 MP: 1/1
     2 | D        | Noticed Ijyb
    61 | D        | Killed Ijyb
    61 | D        | Reached skill level 5 in Axes
    61 | D        | Reached XP level 2. HP: 24/27 MP: 2/2
    65 | D        | Noticed an ogre
    67 | D        | Huge Dmg: 6 Dmg
    68 | D        | Huge Dmg: 7 Dmg
    69 | D        | Huge Dmg: 6 Dmg
    71 | D        | Huge Dmg: 14 Dmg
    72 | D        | Killed an ogre
    72 | D        | Reached skill level 9 in Axes
    72 | D        | Reached XP level 3. HP: 33/33 MP: 3/3
    72 | D        | Reached XP level 4. HP: 40/40 MP: 4/4
    85 | D        | Noticed Sigmund
    94 | D        | Huge Dmg: 6 Dmg
   102 | D        | Killed Sigmund
   102 | D        | Reached XP level 5. HP: 42/46 MP: 5/12
   128 | D        | Found a deep blue altar of Sif Muna.
   129 | D        | Noticed a jelly
   130 | D        | Found a radiant altar of Vehumet.
   134 | D        | Killed a jelly
   149 | D        | Found Ikoehy's Gadget Emporium.
   149 | D        | Found a white marble altar of Elyvilon.
   149 | D        | Found a stormy altar of Qazlal.
   149 | D        | Found a basalt altar of Yredelemnul.
   149 | D        | Found an iron altar of Okawaru.
   149 | D        | Found a sparkling altar of Nemelex Xobeh.
   149 | D        | Found a shimmering altar of Xom.
   149 | D        | Found an ancient bone altar of Kikubaaqudgha.
   149 | D        | Noticed a yak
   156 | D        | Huge Dmg: 8 Dmg
   160 | D        | Killed a yak
   160 | D        | Reached XP level 6. HP: 24/67 MP: 14/14
   164 | D        | Found a burning altar of Makhleb.
   164 | D        | Found a sacrificial altar of Ru.
   164 | D        | Found a glowing golden altar of the Shining One.
   164 | D        | Found an opulent altar of Gozag.
   164 | D        | Found a glowing silver altar of Zin.
   165 | D        | Found a bloodstained altar of Trog.
   167 | D        | Became a worshipper of Makhleb the Destroyer
   171 | D        | Noticed Sonja
   177 | D        | Huge Dmg: 31 Dmg
   178 | D        | Huge Dmg: 15 Dmg
   178 | D        | HP: 5/100 [Sonja/uncursed short sword of distortion (2)]
   179 | D        | Huge Dmg: 5 Dmg
   179 | D        | HP: 1/100 [poisoned by Sonja (curare-tipped needle)]
   179 | D        | Slain by Sonja

Action                   |  1- 3 |  4- 6 || total
-------------------------+-------+-------++-------
Melee: War axe           |    30 |    33 ||    63
 Abil: Device Recharging |       |     1 ||     1
Evoke: Wand              |     3 |     3 ||     6
  Use: Potion            |       |     1 ||     1

Vault maps used:
D:        dungeon_sprint_1
